 Seeded DCSS version 0.28-a0-1190-g77e1c55843 (webtiles) character file.

Game seed: 4018878354053487559 (custom seed)

26 croobank the Slinger (level 3, -5/31 HPs)
             Began as a Gnoll Hunter on Dec 18, 2021.
             Slain by a goblin (6 damage)
             ... led by Robin
             ... on level 2 of the Dungeon.
             The game lasted 00:08:46 (884 turns).

croobank the Slinger (Gnoll Hunter)                  Turns: 884, Time: 00:08:47

Health: -5/31      AC:  4    Str: 13    XL:     3   Next: 8%
Magic:  3/3        EV: 13    Int: 10    God:
Gold:   36         SH:  0    Dex: 12    Spells: 3/3 levels left

rFire   . . .      SeeInvis .   a - +2 whip (freeze)
rCold   . . .      Faith    .   (no shield)
rNeg    . . .      Spirit   .   c - +0 leather armour
rPois   .          Reflect  .   (no helmet)
rElec   .          Harm     .   i - +0 cloak
rCorr   .          Rampage  .   (no gloves)
Will    .....                   (no boots)
Stlth   ++........              (no amulet)
HPRegen 0.10/turn               (no ring)
MPRegen 0.08/turn               (no ring)

@: no status effects
A: fangs 1, strong nose, distributed training
a: no special abilities


You were on level 2 of the Dungeon.
You visited 1 branch of the dungeon, and saw 2 of its levels.

You collected 36 gold pieces.

Inventory:

Hand Weapons
 a - a +2 whip of freezing (weapon)
 b - a +1 hunting sling
 h - a +0 shortbow
 k - a +0 short sword
Missiles
 d - 15 sling bullets
 f - 53 stones (quivered)
 g - 6 boomerangs
Armour
 c - a +0 leather armour (worn)
 i - a +0 cloak (worn)
Magical Staves
 l - a staff of poison
Scrolls
 e - 2 scrolls of identify {identify, unknown}
Potions
 j - 3 potions of curing {curing, unknown}


   Skills:
 + Level 4.5 Fighting
 + Level 0.6 Short Blades
 + Level 0.6 Long Blades
 + Level 0.6 Axes
 + Level 0.6 Maces & Flails
 + Level 0.6 Polearms
 + Level 0.6 Staves
 + Level 8.5 Slings
 + Level 0.6 Bows
 + Level 0.6 Crossbows
 + Level 0.6 Throwing
 + Level 0.6 Armour
 + Level 4.5 Dodging
 + Level 2.3 Stealth
 + Level 0.6 Shields
 + Level 0.6 Unarmed Combat
 + Level 0.6 Spellcasting
 + Level 0.4 Conjurations
 + Level 0.4 Hexes
 + Level 0.4 Summonings
 + Level 0.4 Necromancy
 + Level 0.4 Translocations
 + Level 0.4 Transmutations
 + Level 0.4 Fire Magic
 + Level 0.4 Ice Magic
 + Level 0.4 Air Magic
 + Level 0.4 Earth Magic
 + Level 0.4 Poison Magic
 + Level 0.8 Invocations
 + Level 0.6 Evocations


You had 3 spell levels left.
You didn't know any spells.
Your spell library contained the following spells:

 Spells                   Type           Power      Damage    Failure   Level
 Slow                     Hex            4%         N/A       36%         1
 Confusing Touch          Hex            1%         N/A       75%         3
 Vampiric Draining        Necr           1%         2d6       75%         3


Dungeon Overview and Level Annotations

Branches:
Dungeon (2/15)

Altars:

Annotations:
D:2 Robin, Terence


Innate Abilities, Weirdness & Mutations

You have very sharp teeth.
Your uncanny sense of smell can sniff out nearby items.
Your experience applies equally to all skills.


Message History

You closely miss Robin. Robin misses you. The goblin closely misses you.
A goblin comes into view. It is wielding a +0 club.
You completely miss Robin.
The goblin shouts!
Robin roars a battlecry!
The goblins go into a battle-frenzy!
The goblin hits you but does no damage. Robin hits you but does no damage.
You hit Robin but do no damage. The goblin hits you with a +0 club.
The goblin hits you but does no damage. The goblin barely misses you.
Robin closely misses you. The goblin closely misses you.
You closely miss Robin. You bite Robin, but do no damage.
The goblin barely misses you. The goblin misses you.
Robin says, "Feeling lonely?"
Robin misses you. The goblin hits you but does no damage.
You hit Robin but do no damage. The goblin closely misses you.
The goblin barely misses you.
Robin roars a battlecry!
The goblin goes into a battle-frenzy!
The goblin closely misses you.
You closely miss Robin. The goblin closely misses you.
The goblin hits you with a +1 dagger of freezing.
The goblin freezes you. Robin misses you. The goblin closely misses you.
The goblin barely misses you.
You barely miss Robin. The goblin barely misses you. Robin misses you.
The goblin misses you. The goblin hits you with a +0 club.
You hit Robin. You freeze Robin.
Robin is moderately wounded.
The goblin hits you but does no damage. Robin barely misses you.
The goblin hits you with a +0 club.
* * * LOW HITPOINT WARNING * * *
The goblin closely misses you.
You closely miss Robin.
Robin is moderately wounded.
The goblin hits you with a +1 dagger of freezing.
* * * LOW HITPOINT WARNING * * *
The goblin freezes you.
* * * LOW HITPOINT WARNING * * *
Robin hits you but does no damage. The goblin closely misses you.
The goblin hits you with a +0 club.
You die...

#...................
#.......#..#.##.####
#.......#.......#
###.....###.##..##
#...### #.#.)..# #
##.## #≈#....### #.#
#§#....##. ####g####
#§#....### #.g@g...#
#(#....# # #.##g#..#
#(###### # #g#.##
>(# #@..# .(# ##..#
∆ ... .##. .# ..


You could see Terence, Robin and 4 goblins.

Vanquished Creatures
  3 endoplasms (D:1)
  A giant cockroach (D:1)
  4 goblins (D:2)
  2 hobgoblins (D:1)
  3 kobolds (D:1)
  2 quokkas (D:2)
  A ball python (D:1)
  4 bats (D:1)
  3 rats (D:1)
23 creatures vanquished.

Notes
Turn   | Place    | Note
-------+----------+-------------------------------------------
     0 | D:1      | croobank the Gnoll Hunter began the quest for the Orb.
     0 | D:1      | Reached XP level 1. HP: 20/20 MP: 1/1
   138 | D:1      | Reached XP level 2. HP: 22/26 MP: 2/2
   834 | D:2      | Noticed Terence
   871 | D:2      | Reached XP level 3. HP: 31/31 MP: 3/3
   873 | D:2      | Noticed Robin
   884 | D:2      | HP: 1/31 [goblin[Robin] (2)]
   884 | D:2      | Slain by a goblin

Illustrated notes

Levels and vault maps discovered:
D:1:      psy_arrival_conway, layout_rooms
D:2:      layout_loops_cross, dreamdust_ecumenical_altar_statues, serial_shops,
          shop, corexii_corridor_pit, uniq_robin, uniq_terence

Action                   || total
-------------------------++-------
Melee: Short sword       ||    56
       Whip              ||    25
       Bite              ||     4
 Fire: Hunting sling     ||     6
 Stab: Sleeping          ||     1
Armor: Leather armour    ||    39
Dodge: Dodged            ||    81

Table legend: (Time is in decaauts)
 A = Elapsed time spent in this place.
 B = Non-inter-level travel time spent in this place.
 C = Inter-level travel time spent in this place.
 D = Time resting spent in this place.
 E = Time spent auto-exploring this place.
 F = Levels seen in this place.
 G = Mean time per level.
                   A        B        C        D        E       F      G
               +--------+--------+--------+--------+--------+-----+--------+
         Total |    890 |    866 |     24 |    191 |    388 |   2 |  445.0 |
       Dungeon |    890 |    866 |     24 |    191 |    388 |   2 |  445.0 |
               +--------+--------+--------+--------+--------+-----+--------+

Top non-repeatable levels by time:
     D:1: 801 daAuts
     D:2: 89 daAuts
